[Event "Titled Tuesday Blitz August 24 2021"]
[White "Bilan, Danila"]
[Black "Srihari L R"]
[WhiteFideId "24161918"]
[BlackFideId "46617116"]
[WhiteElo "2164"]
[BlackElo "2121"]
[Result "0-1"]
[Round "11"]
[TimeControl "180+1"]
[Date "2021.08.24"]
[WhiteClock "0:00:02"]
[BlackClock "0:00:55"]

1. d4 d6 2. Nf3 g6 3. Bg5 Bg7 4. c3 Nd7 5. Nbd2 Ngf6 6. e4 e5 7. dxe5 Nxe5 8. Nxe5 dxe5 9. Be2 O-O 10. O-O Qe7 11. Qc2 Rd8 12. Rad1 h6 13. Bxf6 Bxf6 14. Nc4 Be6 15. b3 c6 16. Rxd8+ Rxd8 17. Rd1 b5 18. Ne3 Bg5 19. Rxd8+ Qxd8 20. Qd1 Qa5 21. Qd2 Bxe3 22. fxe3 Kg7 23. h3 Qa3 24. Kf2 a5 25. c4 bxc4 26. bxc4 Qb4 27. Qc1 a4 28. a3 Qb3 29. Bd1 Qa2+ 30. Be2 c5 31. Qc3 Kf6 32. Qc1 Bd7 33. Qc3 Bc6 34. Kf3 Qb1 35. Bd3 Qd1+ 36. Kf2 Ke6 37. Be2 Qh1 38. Bd3 f5 39. Qc2 f4 40. exf4 exf4 41. Be2 Qa1 42. e5 Qd4+ 43. Kf1 Qe4 44. Bg4+ Kxe5 45. Qb2+ Qd4 46. Qb8+ Qd6 47. Qh8+ Qf6 48. Qxh6 Kd4 49. Be2 Kc3 50. Qh7 f3 51. gxf3 Bxf3 52. Qc7 Bxe2+ 53. Kxe2 Kxc4 54. Qg3 Qb2+ 55. Kd1 Qb3+ 56. Qxb3+ Kxb3 0-1


[Site "https://www.chess.com"]

[Event "Titled Tuesday Blitz August 24 2021"]
[White "Costachi, Mihnea"]
[Black "Castellanos Rodriguez, Renier"]
[WhiteFideId "1217518"]
[BlackFideId "3404650"]
[WhiteElo "2482"]
[BlackElo "2612"]
[Result "1-0"]
[Round "11"]
[TimeControl "180+1"]
[Date "2021.08.24"]
[WhiteClock "0:00:37"]
[BlackClock "0:00:19"]

1. d4 Nf6 2. c4 e6 3. Nf3 d5 4. Nc3 c6 5. Bg5 dxc4 6. a4 h6 7. Bxf6 Qxf6 8. e3 Nd7 9. Bxc4 g6 10. O-O Bg7 11. Rc1 O-O 12. Qe2 Qe7 13. e4 b6 14. d5 exd5 15. exd5 Qxe2 16. Nxe2 cxd5 17. Bxd5 Rb8 18. Rc7 Nc5 19. Nf4 Bd7 20. b4 Ne6 21. Bxe6 Bxe6 22. Nxe6 fxe6 23. Rxa7 Ra8 24. Rb7 Rxa4 25. Rxb6 g5 26. h3 Rf4 27. Rc1 Raxb4 28. Rxe6 Rbe4 29. Rc8+ Kh7 30. Rec6 Re7 31. Ra6 Rf6 32. Rxf6 Bxf6 33. Rc6 Kg7 34. g3 Kf7 35. Kf1 Re6 36. Rc7+ Re7 37. Rc8 Re8 38. Rc4 Ra8 39. Rc2 Re8 40. Kg2 Kg6 41. g4 Kf7 42. Ng1 Be5 43. Ne2 Re7 44. Rc6 Re6 45. Rc4 Kg6 46. Re4 Kf6 47. Ng3 Bxg3 48. Rxe6+ Kxe6 49. Kxg3 Ke5 50. f4+ gxf4+ 51. Kf3 Ke6 52. Kxf4 Kf6 53. h4 Ke6 54. Ke4 Kf6 55. Kd5 Kf7 56. Ke5 Ke7 57. Kf5 Kf7 58. h5 Kg7 59. Ke6 1-0


[Site "https://www.chess.com"]

[Event "Titled Tuesday Blitz August 24 2021"]
[White "Cunha, Lucas Aguiar"]
[Black "Lashkin, Jegor"]
[WhiteFideId "2125404"]
[BlackFideId "13907808"]
[WhiteElo "2361"]
[BlackElo "2293"]
[Result "0-1"]
[Round "11"]
[TimeControl "180+1"]
[Date "2021.08.24"]
[WhiteClock "0:00:06"]
[BlackClock "0:00:16"]

1. e4 c5 2. Nf3 d6 3. d4 cxd4 4. Qxd4 Nc6 5. Bb5 a6 6. Bxc6+ bxc6 7. c4 e5 8. Qd3 Qc7 9. Nc3 Ne7 10. b3 Ng6 11. Ba3 Nf4 12. Qf1 Qa5 13. Bb2 Be7 14. h3 O-O 15. g3 Ne6 16. Qd3 Nc5 17. Qc2 f5 18. Nd2 Bg5 19. O-O f4 20. h4 Be7 21. Kg2 Bg4 22. a3 f3+ 23. Kh2 Qd8 24. Rh1 Ne6 25. Kg1 Nd4 26. Qd3 Rb8 27. Nd1 Ne2+ 28. Kf1 Qd7 29. Ke1 Nd4 30. Ne3 Be6 31. Kd1 a5 32. Bxd4 exd4 33. Nc2 d5 34. exd5 Bf5 35. Qf1 cxd5 36. Nxd4 Bf6 37. Nxf5 Bxa1 38. Ne3 dxc4 39. Qxc4+ Kh8 40. Kc2 Rbc8 41. Rxa1 Rxc4+ 42. Ndxc4 a4 43. b4 Rc8 44. Rd1 Qe6 45. Rd4 Qg6+ 46. Kc3 Qf6 47. Kd3 Rd8 48. Nd5 Qf5+ 49. Ke3 Rxd5 0-1


[Site "https://www.chess.com"]

[Event "Titled Tuesday Blitz August 24 2021"]
[White "Damjanovic, Vladimir"]
[Black "Murzin, Volodar"]
[WhiteFideId "903795"]
[BlackFideId "44155573"]
[WhiteElo "2573"]
[BlackElo "2737"]
[Result "0-1"]
[Round "11"]
[TimeControl "180+1"]
[Date "2021.08.24"]
[WhiteClock "0:00:01"]
[BlackClock "0:00:04"]

1. e4 c6 2. Nf3 d5 3. d3 Qc7 4. Nc3 dxe4 5. dxe4 e5 6. Bc4 Be7 7. O-O Nd7 8. a4 Ngf6 9. Qe2 O-O 10. Rd1 Nc5 11. h3 Ne6 12. Be3 b6 13. Kh2 Nd4 14. Qd2 Rd8 15. Qc1 Nxf3+ 16. gxf3 Nh5 17. Rxd8+ Qxd8 18. Qd1 Qc7 19. Ne2 Bd7 20. Qg1 Rd8 21. Rd1 Bc8 22. b3 Rd6 23. Rxd6 Qxd6 24. Ng3 Nf4 25. Bxf4 exf4 26. Nh5 Qe5 27. Qd1 Qxh5 28. Qd2 Qxh3+ 29. Kg1 Qd7 30. Qxf4 Bd8 31. e5 Bc7 32. Kg2 Qe7 33. Qe4 Bd7 0-1


[Site "https://www.chess.com"]

[Event "Titled Tuesday Blitz August 24 2021"]
[White "Djordjevic, Vuk"]
[Black "Jarovinsky, Alexey"]
[WhiteFideId "902098"]
[BlackFideId "14115131"]
[WhiteElo "2463"]
[BlackElo "2446"]
[Result "1/2-1/2"]
[Round "11"]
[TimeControl "180+1"]
[Date "2021.08.24"]
[WhiteClock "0:00:06"]
[BlackClock "0:00:02"]

1. d4 Nc6 2. Nf3 d6 3. c4 g6 4. Nc3 Bg7 5. Bg5 h6 6. Be3 Nf6 7. h3 O-O 8. Qd2 Kh7 9. g4 d5 10. g5 Ne4 11. Nxe4 dxe4 12. gxh6 Bf6 13. Ng5+ Bxg5 14. Bxg5 Qxd4 15. Qxd4 Nxd4 16. Bxe7 Re8 17. O-O-O Rxe7 18. Rxd4 Bf5 19. h4 c5 20. Rd5 b6 21. h5 Kxh6 22. Bg2 Rae8 23. hxg6+ Kxg6 24. e3 Kf6 25. b3 Bg6 26. Rh4 Re5 27. Rf4+ Kg7 28. Rd7 R8e7 29. Rd1 Rg5 30. Bh3 Rh5 31. Bg4 Rh4 32. Rg1 Re5 33. Kd2 Rg5 34. Rg3 f5 35. Be2 Rxg3 36. Rxh4 Rg1 37. Bd1 a5 38. Rh2 Bf7 39. f3 exf3 40. Bxf3 Ra1 41. Kc3 Rc1+ 42. Kb2 Rf1 43. Be2 Re1 44. Kc3 Kf6 45. Rf2 Ke5 46. Bd3 Be6 47. Kd2 Ra1 48. Kc3 Rd1 49. Bc2 Rh1 50. Rg2 Re1 51. Kd2 Ra1 52. a4 Rh1 53. Rg7 Rh2+ 54. Kc3 Rh3 55. Kd2 Rh2+ 56. Kc1 Rh1+ 57. Bd1 Rh2 58. Rb7 f4 59. exf4+ Kd4 60. Rxb6 Bf5 61. Rf6 Bd3 62. Re6 Rh1 63. Kd2 Rh2+ 64. Ke1 Kc3 65. Be2 Bxe2 66. Rxe2 Rh8 67. Re3+ Kd4 68. Rf3 Re8+ 69. Kf2 Rf8 70. f5 Ke5 71. f6 Rxf6 72. Rxf6 Kxf6 73. Ke2 Ke6 74. Kd2 Kf6 75. Kd3 Kf5 76. Ke3 Ke5 77. Kd3 Kf4 78. Kd2 Ke4 79. Kc1 Kd3 80. Kb2 Kd4 81. Kc2 Ke4 82. Kd2 Kd4 83. Kc2 Ke4 84. Kc3 Ke3 85. Kb2 Kd4 86. Ka2 Ke4 87. Kb1 Kd4 88. Kc2 1/2-1/2


[Site "https://www.chess.com"]

[Event "Titled Tuesday Blitz August 24 2021"]
[White "Dobre, Claudiu-Cristian"]
[Black "Mezentsev, Ivan"]
[WhiteFideId "1211854"]
[BlackFideId "13706195"]
[WhiteElo "2259"]
[BlackElo "2295"]
[Result "0-1"]
[Round "11"]
[TimeControl "180+1"]
[Date "2021.08.24"]
[WhiteClock "0:00:06"]
[BlackClock "0:01:15"]

1. c4 c5 2. Nf3 Nf6 3. Nc3 g6 4. d4 Bg7 5. e4 cxd4 6. Nxd4 Nc6 7. Be3 Ng4 8. Qxg4 Nxd4 9. Qd1 Nc6 10. Qd2 O-O 11. Be2 d6 12. f3 b6 13. h4 h5 14. Nd5 Bb7 15. g4 hxg4 16. h5 e6 17. Nf4 gxf3 18. hxg6 fxe2 19. Qxe2 fxg6 20. Nxg6 Ne5 21. Nxe5 dxe5 22. Qg4 Qd3 23. Qxe6+ Rf7 24. Rh3 Qf1+ 25. Kd2 Rd8+ 26. Bd4 Rxd4+ 27. Kc2 Bxe4+ 28. Kb3 Qxh3+ 29. Qxh3 Rd3+ 30. Qxd3 Bxd3 0-1


[Site "https://www.chess.com"]

[Event "Titled Tuesday Blitz August 24 2021"]
[White "Drozdowski, Kacper"]
[Black "Ulko, Jaroslav"]
[WhiteFideId "1136720"]
[BlackFideId "4116658"]
[WhiteElo "2507"]
[BlackElo "2304"]
[Result "1-0"]
[Round "11"]
[TimeControl "180+1"]
[Date "2021.08.24"]
[WhiteClock "0:01:52"]
[BlackClock "0:01:18"]

1. e4 e5 2. Nf3 d6 3. d4 exd4 4. Nxd4 Nf6 5. Nc3 Be7 6. Bc4 O-O 7. O-O Re8 8. h3 Bf8 9. Re1 c6 10. Bb3 Nbd7 11. Bg5 h6 12. Bh4 Ne5 13. Qd2 Ng6 14. Bg3 Be7 15. Rad1 Nh5 16. Bh2 Bg5 17. Qe2 Nhf4 18. Qf1 Qf6 19. Kh1 Ne5 20. Nce2 h5 21. Nxf4 Bxf4 22. Bxf4 Qxf4 23. Ne2 Qxe4 24. Nc3 Qf4 25. Re4 Qh6 26. f4 Bf5 27. fxe5 Bxe4 28. Bxf7+ Kh8 29. Bxe8 Rxe8 30. Nxe4 Rxe5 31. Nxd6 1-0


[Site "https://www.chess.com"]

[Event "Titled Tuesday Blitz August 24 2021"]
[White "Eswaran, Ashritha"]
[Black "Tregubov, Pavel V."]
[WhiteFideId "2080788"]
[BlackFideId "4115341"]
[WhiteElo "2457"]
[BlackElo "2423"]
[Result "0-1"]
[Round "11"]
[TimeControl "180+1"]
[Date "2021.08.24"]
[WhiteClock "0:00:02"]
[BlackClock "0:00:08"]

1. e4 e6 2. d4 d5 3. Nc3 Bb4 4. e5 c5 5. a3 Ba5 6. b4 cxd4 7. Qxd4 Bc7 8. f4 Ne7 9. Nf3 O-O 10. Be2 Nbc6 11. Qd1 Nf5 12. O-O Bb6+ 13. Kh1 Ne3 14. Bxe3 Bxe3 15. b5 Ne7 16. Nd4 Qb6 17. Nb3 Bd7 18. Qd3 a6 19. a4 axb5 20. axb5 Rxa1 21. Nxa1 Ra8 22. Nb3 d4 23. Nd1 Nd5 24. Nxe3 Nxe3 25. Rb1 Nd5 26. Rf1 Nc3 27. Nxd4 Nxe2 28. Nxe2 Bxb5 29. c4 Bc6 30. Rd1 g6 31. Nd4 Ba4 32. Rb1 Qc5 33. Nf3 Bc6 34. h3 Kg7 35. Ng5 Ra3 36. Rb3 Qf2 37. Nf3 Ra1+ 38. Rb1 Rxb1+ 39. Qxb1 Bxf3 40. gxf3 Qxf3+ 41. Kh2 Qxf4+ 42. Kh1 Qxe5 43. Qxb7 Qe1+ 44. Kh2 Qe2+ 45. Kh1 Qxc4 46. Qb8 Qd5+ 47. Kg1 e5 48. Qe8 e4 49. Kf2 Qf5+ 50. Ke3 Qf3+ 51. Kd2 Qd3+ 52. Ke1 Qxh3 0-1


[Site "https://www.chess.com"]

[Event "Titled Tuesday Blitz August 24 2021"]
[White "FGHSMN"]
[Black "Timofeev, Artyom"]
[BlackFideId "4140419"]
[WhiteElo "2713"]
[BlackElo "2582"]
[Result "0-1"]
[Round "11"]
[TimeControl "180+1"]
[Date "2021.08.24"]
[WhiteClock "0:00:03"]
[BlackClock "0:00:34"]

1. e4 e6 2. Qe2 Nf6 3. d4 c5 4. d5 d6 5. c4 Be7 6. Nc3 O-O 7. g3 exd5 8. cxd5 Re8 9. Bg2 b5 10. Nxb5 Bf8 11. Nc3 Ba6 12. Qc2 Qa5 13. Bd2 Nbd7 14. Nf3 Ng4 15. Bf1 Nde5 16. Nxe5 Nxe5 17. f4 Nf3+ 18. Kf2 Nd4 19. Qa4 Qxa4 20. Nxa4 Bxf1 21. Rhxf1 Rxe4 22. Nc3 Ree8 23. Rfe1 f5 24. Rac1 Rxe1 25. Rxe1 Kf7 26. Rc1 g6 27. Ne2 Nb5 28. b3 Bg7 29. Ba5 Re8 30. Rc4 Bd4+ 31. Nxd4 Nxd4 32. Bc7 Ke7 33. Ra4 Kd7 34. Ba5 Re2+ 35. Kg1 Nf3+ 36. Kf1 Rc2 37. h4 Kc8 38. Ra3 Kb7 39. Bd8 Nd2+ 40. Ke1 Ne4 41. Be7 Rc3 42. g4 fxg4 43. h5 g3 44. f5 g2 0-1


[Site "https://www.chess.com"]

[Event "Titled Tuesday Blitz August 24 2021"]
[White "Fedoseev, Vladimir"]
[Black "Zhou, Jianchao"]
[WhiteFideId "24130737"]
[BlackFideId "8603537"]
[WhiteElo "2756"]
[BlackElo "2462"]
[Result "0-1"]
[Round "11"]
[TimeControl "180+1"]
[Date "2021.08.24"]
[WhiteClock "0:00:02"]
[BlackClock "0:00:03"]

1. b3 d5 2. Bb2 c6 3. e3 Nf6 4. Nf3 Bf5 5. Be2 e6 6. Nh4 Bg6 7. d3 Be7 8. Nd2 Nbd7 9. g4 O-O 10. Ng2 Ne8 11. h4 f6 12. f4 e5 13. f5 Bf7 14. e4 dxe4 15. dxe4 Nd6 16. Bf1 Nc5 17. Qf3 Qa5 18. Bc3 Qb6 19. Ne3 a5 20. a4 Rfd8 21. Be2 Na6 22. g5 Nb4 23. Kf1 Qc5 24. Ndc4 Nxc4 25. bxc4 fxg5 26. Rg1 h6 27. hxg5 Bxg5 28. Rxg5 hxg5 29. Qg3 Rd4 30. Bxd4 Qxd4 31. Rd1 Qxe4 32. Qxg5 Qf4+ 33. Qxf4 exf4 34. Ng2 Nxc2 35. Rd7 f3 36. Bxf3 Bxc4+ 37. Kf2 Rf8 38. Be4 Be6 39. Rxb7 Bxf5 40. Bxf5 Rxf5+ 41. Kg3 Rg5+ 42. Kf2 Nd4 43. Ne3 Rc5 44. Ra7 Nf5 45. Ng4 Nd6 46. Ke3 Rc3+ 47. Kf4 Rc4+ 48. Kf3 Rxa4 49. Ne5 c5 50. Ra6 Nf5 51. Nd7 c4 52. Ke4 Ne7 53. Kd4 Nf5+ 54. Kc3 Ne3 55. Nb6 Ra3+ 56. Kd4 Rd3+ 57. Ke4 Ra3 58. Kd4 Kf7 0-1


[Site "https://www.chess.com"]

[Event "Titled Tuesday Blitz August 24 2021"]
[White "Filippova, Margarita"]
[Black "Kekelidze, Mikheil"]
[WhiteFideId "34199680"]
[BlackFideId "13600818"]
[WhiteElo "1829"]
[BlackElo "2387"]
[Result "0-1"]
[Round "11"]
[TimeControl "180+1"]
[Date "2021.08.24"]
[WhiteClock "0:00:47"]
[BlackClock "0:00:13"]

1. Nf3 d5 2. d4 Bf5 3. c4 e6 4. Nc3 c6 5. Qb3 Qb6 6. c5 Qc7 7. Bf4 Qc8 8. e3 h6 9. Qa4 Nd7 10. b4 Ngf6 11. b5 Bxc5 12. bxc6 bxc6 13. dxc5 Nxc5 14. Qd4 Ncd7 15. Qa4 O-O 16. Ba6 Nc5 17. Bxc8 Nxa4 18. Nxa4 Rfxc8 19. Nc5 Ne4 20. Rc1 Nxc5 21. Rxc5 Be4 22. Nd4 Bxg2 23. Rg1 Be4 24. Nxc6 Kh7 25. Bd6 a5 26. Ke2 Ra6 27. Rgc1 f6 28. Nd4 Rxc5 29. Bxc5 e5 30. Nb5 Rc6 31. Ba3 Rb6 32. Nc7 d4 33. exd4 exd4 34. Ne8 Bb1 35. Rc7 Re6+ 36. Kd2 Rxe8 37. Rd7 Bxa2 38. Rxd4 Bb3 39. Rd7 a4 40. Bb2 Kg6 41. Ba3 h5 42. Kd3 Be6 43. Rd4 Bf5+ 44. Kd2 Ra8 45. h4 Be6 46. Rd6 Kf7 47. Rb6 Ra7 48. Bc5 Rd7+ 49. Kc3 Bb3 50. Ba3 Rc7+ 51. Kd4 Rc4+ 52. Ke3 Rxh4 53. Rb7+ Kg8 54. Rb8+ Kh7 55. Rb7 Rg4 56. f3 Rg2 57. Rb5 Kg6 58. f4 h4 59. f5+ Kh5 60. Bf8 h3 61. Bd6 h2 62. Rb8 Kg4 63. Rh8 Kxf5 64. Bxh2 a3 65. Bd6 a2 66. Ra8 Rg1 67. Kf2 a1=Q 0-1


[Site "https://www.chess.com"]

[Event "Titled Tuesday Blitz August 24 2021"]
[White "Florescu, Codrut-Constantin"]
[Black "Temirkanov, David"]
[WhiteFideId "1202200"]
[BlackFideId "4168534"]
[WhiteElo "2243"]
[BlackElo "2125"]
[Result "1-0"]
[Round "11"]
[TimeControl "180+1"]
[Date "2021.08.24"]
[WhiteClock "0:00:27"]
[BlackClock "0:00:02"]

1. d4 f5 2. c3 Nf6 3. Bg5 d5 4. Bxf6 exf6 5. Nd2 Bd6 6. e3 c6 7. Bd3 Be6 8. Qf3 g6 9. Ne2 Nd7 10. h4 Qe7 11. h5 O-O-O 12. O-O-O b5 13. g3 Nb6 14. Rh2 Bf7 15. Rdh1 Rhe8 16. hxg6 hxg6 17. Rh7 Na4 18. Nf4 Qf8 19. Rxf7 Qxf7 20. Nxg6 Kb8 21. Bxf5 Qc7 22. Bd3 a5 23. Qxf6 b4 24. c4 dxc4 25. Nxc4 Nb6 26. Nxb6 Qxb6 27. Rh7 c5 28. Ne5 cxd4 29. Be4 Rc8+ 30. Kb1 Rxe5 31. Rb7+ Qxb7 32. Bxb7 Rd8 33. Bf3 dxe3 34. fxe3 Rxe3 35. Qd4 1-0


[Site "https://www.chess.com"]

[Event "Titled Tuesday Blitz August 24 2021"]
[White "Girinath, P.D.S."]
[Black "Reprintsev, Alexander"]
[WhiteFideId "5000572"]
[BlackFideId "14100541"]
[WhiteElo "2333"]
[BlackElo "2126"]
[Result "1-0"]
[Round "11"]
[TimeControl "180+1"]
[Date "2021.08.24"]
[WhiteClock "0:00:13"]
[BlackClock "0:00:08"]

1. e4 d5 2. exd5 Qxd5 3. Nc3 Qa5 4. d4 Nf6 5. Nf3 Nc6 6. h3 Ne4 7. d5 Nb4 8. Bc4 Bf5 9. O-O O-O-O 10. Nd4 e6 11. Nxf5 exf5 12. Nxe4 fxe4 13. Qg4+ Rd7 14. Qxe4 Nxd5 15. c3 Nf6 16. Qf3 Bd6 17. Re1 Rhd8 18. b4 Qh5 19. Qxh5 Nxh5 20. Be2 Nf6 21. Bg5 Be5 22. Bxf6 Bxf6 23. Bg4 Bxc3 24. Bxd7+ Rxd7 25. Re8+ Rd8 26. Rxd8+ Kxd8 27. Rb1 Kd7 28. Rb3 Bd4 29. Rd3 1-0


[Site "https://www.chess.com"]

[Event "Titled Tuesday Blitz August 24 2021"]
[White "Gontcharov, Vladislav"]
[Black "Tanenbaum, Zachary"]
[WhiteFideId "4123492"]
[BlackFideId "2060850"]
[WhiteElo "2503"]
[BlackElo "2165"]
[Result "1/2-1/2"]
[Round "11"]
[TimeControl "180+1"]
[Date "2021.08.24"]
[WhiteClock "0:00:17"]
[BlackClock "0:00:04"]

1. e4 e5 2. Nf3 Nc6 3. Bb5 a6 4. Ba4 d6 5. c3 Nf6 6. d3 Be7 7. O-O O-O 8. Re1 b5 9. Bc2 Bb7 10. Nbd2 Re8 11. Nf1 Bf8 12. h3 Nb8 13. a4 Nbd7 14. Ng3 g6 15. Nh2 Bg7 16. Qe2 d5 17. Ng4 c5 18. axb5 axb5 19. Rxa8 Bxa8 20. Bg5 Qb6 21. Nh6+ Kf8 22. Qf3 Qc6 23. exd5 Qxd5 24. Ne4 Qe6 25. Ra1 c4 26. h4 cxd3 27. Bxd3 Qd5 28. Rd1 Re7 29. Bc2 Qc6 30. Nxf6 Bxf6 31. Qxc6 Bxc6 32. Be3 Re6 33. Bb3 Re7 34. Rd6 Be4 35. Rxf6 Nxf6 36. Bg5 Kg7 37. Ng4 Nxg4 38. Bxe7 Bc6 39. f3 Ne3 40. Kf2 Nc4 41. Ba3 Nxa3 42. bxa3 f5 43. c4 bxc4 44. Bxc4 Ba4 45. Ke3 Kf6 46. f4 h6 47. g3 g5 48. Be2 exf4+ 49. gxf4 gxh4 50. Bf3 Ke6 51. Kf2 Kd6 52. Kg2 Kc5 53. Kh3 Kd4 54. Kxh4 Kc3 55. Kh5 Kd4 56. Kxh6 Ke3 57. Kg5 Kxf3 58. Kxf5 Ke3 59. Ke5 Kd3 60. f5 Kc4 61. f6 Be8 62. a4 Kb4 63. Kd6 Kxa4 64. Ke7 Bh5 65. f7 Bxf7 1/2-1/2


[Site "https://www.chess.com"]

[Event "Titled Tuesday Blitz August 24 2021"]
[White "Goryachkina, Aleksandra"]
[Black "Janaszak, Dawid"]
[WhiteFideId "4147103"]
[BlackFideId "1119206"]
[WhiteElo "2691"]
[BlackElo "2541"]
[Result "1-0"]
[Round "11"]
[TimeControl "180+1"]
[Date "2021.08.24"]
[WhiteClock "0:00:06"]
[BlackClock "0:00:02"]

1. e4 g6 2. d4 Bg7 3. Nc3 a6 4. Be3 b5 5. Nf3 Bb7 6. Bd3 d6 7. O-O Nd7 8. a4 b4 9. Ne2 c5 10. c3 Ngf6 11. Ng3 O-O 12. Re1 bxc3 13. bxc3 Ng4 14. Bd2 cxd4 15. cxd4 e5 16. h3 Ngf6 17. Bb4 Qb6 18. Rb1 exd4 19. Qd2 Nc5 20. Bxc5 Qxc5 21. Rxb7 Qc6 22. Rb4 d5 23. e5 Nd7 24. Rc1 Qe6 25. Rxd4 Nxe5 26. Nxe5 Bxe5 27. Rb4 Qf6 28. Ne2 Bd6 29. Rbb1 Qe5 30. Ng3 Rab8 31. Bxa6 Rxb1 32. Rxb1 Bc5 33. Nf1 Qe4 34. Bd3 Qxa4 35. Ne3 Qf4 36. Rd1 Rd8 37. Bf1 d4 38. Ng4 Qc7 39. Nf6+ Kg7 40. Ne4 Be7 41. Bd3 f5 42. Ng3 Bd6 43. Ne2 Qe7 44. Rb1 Qe5 45. Ng3 Rd7 46. Re1 Qf6 47. Nf1 Re7 48. Rxe7+ Qxe7 49. Bc4 Qe5 50. Qb2 h5 51. Qb7+ Kh6 52. Qf3 h4 53. Bd3 Kg7 54. Qb7+ Kh6 55. Qc8 Kg7 56. Qd7+ Kh6 57. Qb5 Kg7 58. Qxe5+ Bxe5 59. Nd2 Bf6 60. Kf1 Kf8 61. Ke2 Ke7 62. Bc2 Kd6 63. Nf3 Kd5 64. Bb3+ Ke4 65. Bc4 g5 66. Bd3+ Kf4 67. Ng1 g4 68. Kf1 g3 69. Ne2+ Ke5 70. fxg3 hxg3 71. Nxg3 Bh4 72. Ne2 f4 73. Ng1 Bg3 74. Ke2 Kd5 75. Nf3 Kc5 76. h4 1-0


[Site "https://www.chess.com"]

[Event "Titled Tuesday Blitz August 24 2021"]
[White "Grafil, Franz Robert"]
[Black "Molina, Roberto Junio Brito"]
[WhiteFideId "5205298"]
[BlackFideId "2109450"]
[WhiteElo "2211"]
[BlackElo "2402"]
[Result "1-0"]
[Round "11"]
[TimeControl "180+1"]
[Date "2021.08.24"]
[WhiteClock "0:00:07"]
[BlackClock "0:00:02"]

1. d4 d5 2. c4 c6 3. Nf3 Nf6 4. e3 Bf5 5. Nc3 e6 6. Be2 h6 7. O-O Nbd7 8. Bd3 Bxd3 9. Qxd3 Be7 10. b3 O-O 11. Bb2 Rc8 12. Rfd1 Re8 13. Rac1 a6 14. h3 Qa5 15. a3 b5 16. c5 Qc7 17. Ne2 Ne4 18. Nf4 a5 19. Nd2 Nxd2 20. Qxd2 Bg5 21. Nd3 Bf6 22. f4 g6 23. g4 Bg7 24. Ne5 Nf6 25. Qg2 Ne4 26. Rf1 Kh7 27. Rf3 f6 28. Nd3 Rf8 29. h4 h5 30. Kh1 hxg4 31. Qxg4 Qf7 32. Rg1 Bh6 33. Nf2 Nd2 34. Rfg3 Rg8 35. Qe2 Nxb3 36. h5 Kh8 37. hxg6 Qe7 38. Qh5 Kg7 39. Ng4 Rh8 40. Rh3 Bxf4 41. Qh7+ Rxh7 42. Rxh7+ Kf8 43. Rh8+ Kg7 44. Rh7+ Kxg6 45. Rxe7 Bg5 46. Rxe6 Nd2 47. Nxf6 Kf5 48. Re5+ Kxf6 49. Rexg5 Ne4 50. Rg6+ Kf5 51. Rg8 Rc7 52. R1g7 1-0


[Site "https://www.chess.com"]

[Event "Titled Tuesday Blitz August 24 2021"]
[White "Gubajdullin, Alexei"]
[Black "Alboredo, Julia"]
[WhiteFideId "4141202"]
[BlackFideId "2124807"]
[WhiteElo "2358"]
[BlackElo "2041"]
[Result "1-0"]
[Round "11"]
[TimeControl "180+1"]
[Date "2021.08.24"]
[WhiteClock "0:00:08"]
[BlackClock "0:00:02"]

1. d4 Nf6 2. Bf4 d5 3. e3 c5 4. c3 Nc6 5. Nd2 Qb6 6. Qb3 c4 7. Qc2 g6 8. e4 Nxe4 9. Nxe4 dxe4 10. Bxc4 Bg7 11. Ne2 O-O 12. Qxe4 Bf5 13. Qf3 Qxb2 14. O-O h5 15. Ng3 Bg4 16. Qe3 h4 17. Rfb1 Qa3 18. Ne4 Na5 19. Bd5 Rac8 20. Bxb7 Nxb7 21. Rxb7 e5 22. Bxe5 Bxe5 23. dxe5 Bf5 24. Nd6 Qxc3 25. Qxc3 Rxc3 26. Nxf5 gxf5 27. Rxa7 Re8 28. Ra4 h3 29. f4 hxg2 30. Kxg2 Rd8 31. Rf1 Kh7 32. Rf3 Rxf3 33. Kxf3 Rd2 34. Kg3 Kg6 35. Ra8 Rd3+ 36. Kh4 Rf3 37. Ra6+ Kg7 38. Kg5 Rh3 39. Ra7 Kg8 40. Kf6 Rh6+ 41. Kxf5 Rxh2 42. a4 Rh5+ 43. Kg4 Rh1 44. a5 Ra1 45. a6 Ra4 46. Kg5 Ra5 47. Kf6 Ra4 48. f5 Rf4 49. Ra8+ Kh7 50. a7 Ra4 51. Kxf7 Ra6 52. e6 Kh6 53. f6 Kh7 54. e7 1-0


[Site "https://www.chess.com"]

[Event "Titled Tuesday Blitz August 24 2021"]
[White "Gubanov, Oleg"]
[Black "Dobrowolski, Piotr"]
[WhiteFideId "14115115"]
[BlackFideId "1106236"]
[WhiteElo "2138"]
[BlackElo "2296"]
[Result "0-1"]
[Round "11"]
[TimeControl "180+1"]
[Date "2021.08.24"]
[WhiteClock "0:00:39"]
[BlackClock "0:00:58"]

1. e4 e6 2. d4 d5 3. Nc3 Nf6 4. Bg5 Be7 5. Bxf6 Bxf6 6. Nf3 O-O 7. Bd3 b6 8. O-O Bb7 9. Re1 Nd7 10. exd5 exd5 11. Ne2 c5 12. c3 Qc7 13. Rc1 c4 14. Bb1 b5 15. Ng3 g6 16. h4 Rfe8 17. Qc2 Nf8 18. h5 Qf4 19. hxg6 hxg6 20. Ne2 Qg4 21. Ne5 Bxe5 22. dxe5 Rxe5 23. Nd4 Rae8 24. Rxe5 Rxe5 25. f3 Qd7 26. Qf2 Ne6 27. Nxe6 Qxe6 28. Qxa7 Re1+ 29. Rxe1 Qxe1+ 30. Kh2 Qh4+ 31. Kg1 Qe1+ 32. Kh2 Qxb1 33. Qxb7 Qxb2 34. Qxd5 Qxc3 35. Qxb5 Qd4 36. a4 c3 37. a5 c2 38. Qc6 Qf4+ 39. g3 Qd2+ 40. Kh3 c1=Q 0-1


[Site "https://www.chess.com"]

[Event "Titled Tuesday Blitz August 24 2021"]
[White "Gurevich, Dmitry"]
[Black "Materia, Marco"]
[WhiteFideId "2000407"]
[BlackFideId "45150451"]
[WhiteElo "2506"]
[BlackElo "2689"]
[Result "0-1"]
[Round "11"]
[TimeControl "180+1"]
[Date "2021.08.24"]
[WhiteClock "0:00:01"]
[BlackClock "0:01:27"]

1. d4 Nf6 2. c4 e6 3. g3 d5 4. Bg2 Bb4+ 5. Nd2 O-O 6. Nf3 dxc4 7. Qc2 a5 8. O-O b5 9. Ne5 Ra6 10. Rd1 Rb6 11. Ne4 Bb7 12. Bg5 Bxe4 13. Bxe4 h6 14. Bxf6 gxf6 15. Bh7+ Kh8 16. Nf3 f5 17. d5 Kxh7 18. dxe6 Qf6 19. exf7 Rxf7 20. Rd5 c6 21. Rdd1 Nd7 22. a3 Bf8 23. Rd4 Ne5 24. Nh4 Nd3 25. exd3 Qxd4 26. dxc4 Qxc4 27. Qd2 Bg7 28. Re1 c5 0-1


[Site "https://www.chess.com"]

[Event "Titled Tuesday Blitz August 24 2021"]
[White "Harshavardhan G B"]
[Black "Weetik, Vjacheslav"]
[WhiteFideId "25059009"]
[BlackFideId "4153472"]
[WhiteElo "1825"]
[BlackElo "2469"]
[Result "0-1"]
[Round "11"]
[TimeControl "180+1"]
[Date "2021.08.24"]
[WhiteClock "0:00:31"]
[BlackClock "0:00:41"]

1. f4 d5 2. Nf3 Bg4 3. e3 Nd7 4. Be2 c6 5. b3 Bxf3 6. Bxf3 e5 7. Bb2 Bd6 8. g3 Ngf6 9. d3 Qe7 10. Qe2 O-O-O 11. Nd2 Rhe8 12. f5 e4 13. dxe4 dxe4 14. Bg2 Be5 15. O-O-O Bxb2+ 16. Kxb2 Qe5+ 17. Kb1 Nd5 18. Nxe4 N7f6 19. Qc4 Nxe4 20. Rd4 Nec3+ 21. Kb2 Nxe3 22. Rxd8+ Rxd8 23. Qxc3 Qxc3+ 24. Kxc3 Nxg2 25. Rf1 Ne3 26. Rf3 Nd5+ 27. Kb2 h6 28. c4 Nf6 29. Kc2 Rd4 30. Re3 Kd7 31. h3 c5 32. g4 b6 33. a4 a5 34. Rg3 Ne4 35. Rg2 Kd6 36. h4 Ke5 37. Kc1 Rd3 38. g5 hxg5 39. hxg5 Kxf5 0-1


[Site "https://www.chess.com"]

[Event "Titled Tuesday Blitz August 24 2021"]
[White "Hovhannisyan, Robert"]
[Black "Maiorov, Nikita"]
[WhiteFideId "13302507"]
[BlackFideId "13501720"]
[WhiteElo "2669"]
[BlackElo "2440"]
[Result "1-0"]
[Round "11"]
[TimeControl "180+1"]
[Date "2021.08.24"]
[WhiteClock "0:00:14"]
[BlackClock "0:00:04"]

1. Nc3 Nf6 2. e4 e5 3. Nf3 Nc6 4. d4 exd4 5. Nxd4 Bc5 6. Nxc6 bxc6 7. Bd3 O-O 8. O-O Re8 9. Bg5 h6 10. Bh4 Bd4 11. Ne2 Bxb2 12. Rb1 Ba3 13. f4 Be7 14. e5 Ng4 15. Nd4 Ne3 16. Bxe7 Qxe7 17. Nf5 Nxf5 18. Bxf5 d6 19. Bd3 dxe5 20. fxe5 Qxe5 21. Kh1 Be6 22. Qd2 Bxa2 23. Rbe1 Qg5 24. Qf2 Bd5 25. c4 Be6 26. Re3 a5 27. Rg3 Qe5 28. Re1 Qh5 29. h3 Rad8 30. Qb2 g6 31. Qf6 Bxh3 32. Rxe8+ Rxe8 33. Rxh3 1-0


[Site "https://www.chess.com"]